Map: 16 bits EC

Players

TheAcolyte

  • Race: Zerg Zerg
  • League: Platinum
  • Spawn Location: 7:00

HoldTheDoor - Winner!

  • Race: Protoss Protoss
  • League: Diamond
  • Spawn Location: 1:00

VOD

Have the link to the VOD?

Description

Time

  • Played on: July 6, 2018, 9:48 a.m.
  • Length: 7:21
Show
View Real Time Build Order
Export as new Build Order

TheAcolyte Zerg 

Build Orders: Hatch First 

Get SALT Encoding   

  12  0:01  Drone  
  13  0:12  Overlord  
  13  0:18  Drone  
  14  0:30  Drone  
  14  0:31  Drone  
  14  0:35  Drone  
  17  0:57  Hatchery  
  17  0:58  Drone  
  17  1:01  Drone  
  18  1:12  Extractor  
  17  1:19  Spawning Pool  
  17  1:21  Drone  
  18  1:25  Drone  
  18  1:30  Drone  
  19  1:44  Overlord  
  19  1:55  Drone  
  20  2:07  Queen  
  22  2:08  Zergling x2  
  22  2:12  Zergling x4  
  25  2:20  Metabolic Boost  
  25  2:22  Queen  
  27  2:27  Drone x2  
  29  2:40  Drone x2  
  31  2:57  Hatchery  
  30  3:02  Drone  
  30  3:03  Drone x2  
  33  3:06  Drone  
  34  3:14  Queen  
  36  3:24  Overlord  
  36  3:25  Overlord  
  36  3:33  Lair  
  36  3:37  Overlord  
  36  3:49  Drone  
  36  3:50  Drone x5  
  42  4:01  Drone x3  
  42  4:02  Drone x2  
  47  4:05  Extractor  
  47  4:08  Extractor  
  45  4:10  Baneling Nest  
  44  4:20  Zergling x2  
  44  4:21  Zergling x8  
  49  4:26  Drone x3  
  49  4:29  Overlord  
  52  4:33  Drone x2  
  54  4:39  Spore Crawler  
  54  4:43  Hydralisk Den  
  52  4:47  Drone x2  
  52  4:48  Drone  
  55  5:06  Queen  
  57  5:11  Zergling x2  
  57  5:12  Zergling x16  
  57  5:13  Overlord  
  57  5:14  Overlord  
  66  5:18  Grooved Spines  
  66  5:34  Hydralisk x5  
  76  5:37  Overlord  
  74  5:57  Drone x7  
  81  6:05  Extractor  
  80  6:13  Evolution Chamber  
  80  6:14  Evolution Chamber  
  80  6:16  Hatchery, Drone x5  
  82  6:20  Drone  
  82  6:21  Drone  
  84  6:35  Baneling x3  
  84  6:36  Baneling x3  
  84  6:43  Lurker Den  
  83  6:47  Hydralisk x2  
  83  6:48  Zergling x6  
  83  6:52  Baneling x4  
Show
View Real Time Build Order
Export as new Build Order

HoldTheDoor Protoss - Winner!

Build Orders: 1 Gate Expand 

Get SALT Encoding   

  12  0:00  Probe  
  13  0:13  Probe  
  14  0:21  Pylon  
  14  0:25  Probe  
  15  0:39  Probe  
  15  0:41  Gateway  
  16  0:46  Assimilator  
  16  0:51  Probe  
  17  1:03  Probe  
  18  1:15  Probe  
  19  1:34  Nexus  
  19  1:39  Probe  
  19  1:40  Cybernetics Core  
  19  1:46  Assimilator  
  19  1:47  Probe  
  21  1:55  Probe  
  21  1:57  Pylon  
  22  2:09  Warp Gate  
  22  2:18  Adept  
  22  2:20  Probe  
  25  2:29  Twilight Council  
  25  2:32  Probe  
  26  2:43  Pylon  
  26  2:45  Sentry, Probe  
  26  2:50  Probe  
  30  2:57  Probe  
  31  3:02  Probe  
  31  3:05  Robotics Facility  
  32  3:09  Probe  
  32  3:12  Adept  
  35  3:17  Probe  
  36  3:24  Gateway  
  36  3:25  Probe  
  37  3:30  Resonating Glaives  
  38  3:34  Probe  
  40  3:42  Probe  
  40  3:47  Probe  
  42  3:51  Pylon  
  42  3:55  Warp Prism  
  44  3:58  Probe  
  45  4:06  Probe  
  44  4:10  Probe  
  44  4:14  Sentry  
  47  4:20  Sentry  
  49  4:24  Immortal  
  49  4:28  Probe  
  49  4:29  Probe  
  55  4:41  Probe x2, Adept  
  55  4:44  Adept  
  61  4:53  Probe  
  61  4:55  Gateway x2  
  61  4:57  Gateway  
  62  5:00  Pylon  
  62  5:02  Pylon  
  62  5:03  Gateway  
  62  5:07  Gateway  
  62  5:17  Pylon  
  62  5:18  Probe  
  62  5:19  Immortal  
  67  5:23  Gateway  
  67  5:25  Adept x2  
  71  5:29  Probe  
  71  5:31  Probe  
  73  6:11  Pylon  
  73  6:16  Pylon  
  73  6:17  Pylon  
  73  6:18  Pylon  
  73  6:28  Adept x6  
  73  6:29  Adept  
  87  6:54  Adept x2  
  87  6:55  Adept x5  
Tags
 
Add a new tag
Caveats
  • Supply blocks, unpowered buildings, or Contaminate may cause inaccurate times.
  • Supply counts are checked every 10 seconds.